 Dungeon Crawl Stone Soup version 0.28.0-1-gb440e238dd (webtiles) character file.

Game seed: 16499156606623545996

7196 PoweredByGinger the Blocker (level 10, -1/93 HPs)
             Began as a Minotaur Fighter on Feb 20, 2022.
             Was an Elder of Okawaru.
             Slain by a centaur warrior (3 damage)
             ... on level 9 of the Dungeon.
             The game lasted 00:18:24 (11606 turns).

PoweredByGinger the Blocker (Minotaur Fighter)     Turns: 11606, Time: 00:18:26

Health: -1/93      AC: 11    Str: 25    XL:     10   Next: 87%
Magic:  10/10      EV:  6    Int:  5    God:    Okawaru [****..]
Gold:   160        SH:  7    Dex: 10    Spells: 9/9 levels left

rFire   . . .      SeeInvis .   a - +0 war axe
rCold   . . .      Faith    .   c - +0 buckler
rNeg    . . .      Spirit   .   g - +0 plate armour
rPois   .          Reflect  .   (helmet restricted)
rElec   .          Harm     .   (no cloak)
rCorr   .          Rampage  .   (no gloves)
Will    .....                   (no boots)
Stlth   ..........              v - amulet of magic regeneration
HPRegen 0.25/turn               w - +4 ring of slaying
MPRegen 0.52/turn               (no ring)

@: no status effects
A: horns 2, retaliatory headbutt
a: Renounce Religion, Heroism, Finesse


You were on level 9 of the Dungeon.
You worshipped Okawaru.
Okawaru was greatly pleased with you.
You visited 2 branches of the dungeon, and saw 10 of its levels.
You also visited: Sewer.

You collected 315 gold pieces.
You spent 155 gold pieces at shops.

Inventory:

Hand Weapons
 a - a +0 war axe (weapon)
Missiles
 i - 121 arrows
 j - 102 bolts
 o - 43 poisoned darts (quivered)
 D - 2 throwing nets
Armour
 b - a +0 scale mail
 c - a +0 buckler (worn)
 g - a +0 plate armour (worn)
Jewellery
 v - an amulet of magic regeneration (around neck)
 w - a +4 ring of slaying (left hand)
 B - an amulet of guardian spirit
Wands
 u - a wand of flame (19)
 A - a wand of iceblast (6)
Scrolls
 f - 2 scrolls of summoning {unknown}
 h - 2 scrolls of fear {unknown}
 m - 4 scrolls of blinking
 p - a scroll of teleportation
 q - a scroll of magic mapping {unknown}
 r - 3 scrolls of vulnerability
 s - 4 scrolls of enchant weapon
 t - a scroll of enchant armour {unknown}
 y - a scroll of immolation
 E - 3 scrolls of noise
 F - a scroll of fog
Potions
 d - a potion of might
 e - a potion of brilliance
 k - a potion of degeneration
 l - 2 potions of mutation
 n - a potion of resistance
 x - a potion of lignification
 z - a potion of flight
 C - a potion of curing


   Skills:
 - Level 10.0 Fighting
 + Level 12.6 Axes
 - Level 3.6 Armour
 + Level 12.8 Shields
 + Level 2.1 Invocations


You had 9 spell levels left.
You didn't know any spells.
Your spell library contained the following spells:

 Spells                   Type           Power      Damage    Failure   Level
 Apportation              Tloc           0%         N/A       100%        1
 Ozocubu's Armour         Ice            0%         N/A       100%        3
 Stone Arrow              Conj/Erth      0%         3d7       100%        3
 Alistair's Intoxication  Tmut/Pois      0%         N/A       100%        5
 Ozocubu's Refrigeration  Ice            0%         4d5       100%        7
 Lehudib's Crystal Spear  Conj/Erth      0%         10d2      100%        8
 Animate Armour           Summ/Erth      Unusable   N/A       N/A         4

Dungeon Overview and Level Annotations

Branches:
Dungeon (9/15)             Temple (1/1) D:6            Lair (0/6) D:8
  Sewer (visited)
    Orc: D:9-12

Altars:
Ashenzari
Cheibriados
Dithmenos
Elyvilon
Fedhas
Gozag
Hepliaklqana
Kikubaaqudgha
Makhleb
Nemelex Xobeh
Okawaru
Qazlal
Ru
Sif Muna
Trog
Uskayaw
Vehumet
Wu Jian
Xom
Yredelemnul
Zin
The Shining One

Shops:
D:3 [   D:9 ?

Annotations:
D:2 Sigmund
D:4 exclusion: upstairs


Innate Abilities, Weirdness & Mutations

You have a pair of horns on your head.
You reflexively headbutt those who attack you in melee.


Message History

A yak comes into view.
The yak bellows!
The centaur unwields a +0 shortbow.
The centaur hits you. The centaur kicks you.
The yak moves out of view.
You slash the centaur!
The centaur is severely wounded.
You block the centaur's attack. The centaur barely misses you.
You hit the centaur.
The centaur is almost dead.
You block the centaur's attack.
The centaur kicks you but does no damage.
The centaur barely misses you.
The centaur kicks you but does no damage.
You hit the centaur.
You kill the centaur!
Okawaru accepts your kill.
You can now speed up your combat.
You start resting.
A centaur warrior is nearby!
The centaur warrior unwields a +0 vorpal hand axe.
The centaur warrior wields a +1 longbow of freezing.
It is covered in frost.
The centaur warrior shoots an arrow.
The arrow hits you!! The arrow freezes you.
You are too injured to fight recklessly!
Unknown command.
The centaur warrior unwields a +1 longbow of freezing.
The centaur warrior wields a +0 vorpal hand axe.
The centaur warrior hits you with a +0 vorpal hand axe!
* * * LOW HITPOINT WARNING * * *
The centaur warrior kicks you but does no damage.
The yak gores you but does no damage.
The centaur warrior hits you with a +0 vorpal hand axe!
* * * LOW HITPOINT WARNING * * *
x2 You block the centaur warrior's attack.
You slash the centaur warrior!
The centaur warrior is moderately wounded.
You slash the yak! The yak gores you!
* * * LOW HITPOINT WARNING * * *
The centaur warrior hits you with a +0 vorpal hand axe!
* * * LOW HITPOINT WARNING * * *
You die...

.. ### ..#.$# #.
.... ... #..###...
####........ .
#..#.......# #..
#..).).#####
.....###.......#
#...Y@.....#.#
#....)c.##.#.#
#....#####.#.#
......# #.#.#
#....#######.#.#
....##.>.......###
...# ...####.#...#
... #.#.#.#
#.#.#.#


You could see a centaur warrior and a yak.

Vanquished Creatures
  A two-headed ogre (D:9)
  A troll (D:8)
  3 hornets
  Prince Ribbit (D:8)
  4 yaks (D:8)
  A wyvern (D:8)
  A steam dragon (D:7)
  3 orc warriors (D:7)
  5 sky beasts
  2 black bears
  2 hornet zombies (D:7)
  5 necrophages
  2 ogres (D:7)
  6 centaurs
  A wolf (D:8)
  5 kobold brigands
  7 bullfrogs
  A water moccasin zombie (D:6)
  2 wyvern skeletons
  A killer bee (D:7)
  4 wights
  2 howler monkeys
  An electric eel (D:8)
  3 centaur zombies
  2 jellies (D:6)
  A bullfrog zombie (D:5)
  7 hounds
  3 orc priests
  2 centaur skeletons
  2 gnoll shamans
  Jessica (D:2)
  2 iguanas
  4 orc wizards
  A killer bee zombie (D:6)
  A hound zombie (D:5)
  2 hound skeletons
  11 gnolls
  3 river rats
  8 adders
  3 shadow imps
  A white imp (D:5)
  An ufetubus (D:7)
  9 worms
  2 dart slugs
  17 orcs
  14 endoplasms
  4 giant cockroaches
  9 goblins
  8 hobgoblins
  10 jackals
  5 quokkas
  11 ball pythons
  3 bats (D:1)
  4 frilled lizards
  12 kobolds
  8 rats
235 creatures vanquished.

Vanquished Creatures (others)
  A jelly (D:7)
1 creature vanquished.

Grand Total: 236 creatures vanquished

Notes
Turn   | Place    | Note
-------+----------+-------------------------------------------
     0 | D:1      | PoweredByGinger the Minotaur Fighter began the quest for
                  | the Orb.
     0 | D:1      | Reached XP level 1. HP: 19/19 MP: 0/0
   118 | D:1      | Found a faded altar of an unknown god.
   191 | D:1      | Reached XP level 2. HP: 26/26 MP: 1/1
   559 | D:1      | Reached XP level 3. HP: 31/31 MP: 2/2
  1180 | D:2      | Noticed Jessica
  1188 | D:2      | Killed Jessica
  1189 | D:2      | Reached skill level 5 in Shields
  1189 | D:2      | Reached XP level 4. HP: 39/39 MP: 3/3
  1193 | D:2      | Noticed Sigmund
  1681 | D:3      | Noticed a black bear
  1852 | D:3      | Found Baogg's Antique Armour Shop.
  1928 | D:3      | Killed a black bear
  1929 | D:3      | Reached skill level 5 in Axes
  1929 | D:3      | Reached XP level 5. HP: 34/45 MP: 4/4
  2255 | D:3      | Found a sparkling altar of Nemelex Xobeh.
  2373 | D:4      | Noticed a necrophage
  2387 | D:4      | Killed a necrophage
  2388 | D:4      | Reached XP level 6. HP: 44/51 MP: 5/5
  2901 | D:4      | HP: 1/51 [something/magic dart (10)]
  3521 | D:3      | Reached XP level 7. HP: 50/57 MP: 6/6
  3794 | D:5      | Entered Level 5 of the Dungeon
  3852 | D:5      | Found a glowing drain.
  3862 | Sewer    | Entered a sewer
  5187 | D:4      | Reached XP level 8. HP: 46/66 MP: 7/7
  6299 | D:6      | Reached skill level 5 in Fighting
  6939 | D:6      | Found a staircase to the Ecumenical Temple.
  6948 | Temple   | Entered the Ecumenical Temple
  7220 | Temple   | Became a worshipper of Warmaster Okawaru
  7273 | D:7      | Noticed a hornet
  7285 | D:6      | Killed a hornet
  7286 | D:6      | Reached skill level 10 in Shields
  7286 | D:6      | Reached XP level 9. HP: 21/77 MP: 8/8
  7674 | D:7      | Reached skill level 10 in Axes
  7692 | D:7      | Reached * piety under Okawaru
  8870 | D:7      | Reached ** piety under Okawaru
  9418 | D:8      | Noticed Prince Ribbit
  9546 | D:8      | Reached XP level 10. HP: 90/90 MP: 9/9
  9620 | D:8      | Killed Prince Ribbit
  9789 | D:8      | Paralysed by a hornet for 1 turns
  9829 | D:8      | Reached *** piety under Okawaru
 10587 | D:8      | Found a staircase to the Lair.
 10957 | D:8      | Reached skill level 10 in Fighting
 11168 | D:9      | Found Tistrukku's Magic Scroll Shop.
 11172 | D:9      | Bought a scroll of blinking for 75 gold pieces
 11172 | D:9      | Bought a scroll of identify for 20 gold pieces
 11172 | D:9      | Bought a scroll of identify for 20 gold pieces
 11172 | D:9      | Bought a scroll of identify for 20 gold pieces
 11172 | D:9      | Bought a scroll of identify for 20 gold pieces
 11303 | D:9      | Noticed a two-headed ogre
 11320 | D:9      | Noticed a two-headed ogre
 11444 | D:9      | Reached skill level 1 in Invocations
 11462 | D:9      | Noticed a centaur warrior
 11480 | D:9      | Noticed a two-headed ogre
 11486 | D:9      | Killed a two-headed ogre
 11486 | D:9      | Reached **** piety under Okawaru
 11606 | D:9      | HP: 2/93 [centaur warrior (8)]
 11606 | D:9      | Slain by a centaur warrior

Illustrated notes

Levels and vault maps discovered:
D:1:      dpeg_arrival_pond, layout_basic, ebering_ecumenical_altar_mist
D:2:      layout_loops_ring, minmay_pentomino_t4, uniq_jessica, uniq_sigmund
D:3:      layout_rooms, nemelex_spade_bored_becter, serial_shops,
          nicolae_shop_crystal
D:4:      layout_basic, corexii_hall_statues_l
D:5:      layout_loops_cross, gup_sewer_entry_bubbles
D:6:      layout_loops_corners, minmay_temple_entry_poolview
D:7:      minmay_octagon_keep, layout_cave_pods
D:8:      minmay_razor_zed, layout_gridville, erik_lair_island,
          hangedman_abyss_or_decor_stagger, uniq_prince_ribbit1
D:9:      hangedman_cross_cluster, layout_basic, serial_shops,
          nicolae_shop_competitors_out_of_business, shop, nicolae_square_shop,
          nicolae_shop_crystal
Temple:   nicolae_temple_the_god_donut

Skill      XL: |  1  2  3  4  5  6  7  8  9 10 |
---------------+-------------------------------+-----
Shields        | 4 5 6 7 8 10 11 12 | 12.8
Axes           | 3 4 5 6 8 9 11 12 | 12.6
Fighting       | 6 8 10 | 10.0
Invocations    | 2 |  2.1
Armour         | |  3.6

Action                   |  1- 3 |  4- 6 |  7- 9 | 10-12 || total
-------------------------+-------+-------+-------+-------++-------
Melee: War axe           |    83 |   126 |   368 |   115 ||   692
       Headbutt          |    14 |    22 |    61 |    22 ||   119
Throw: Dart              |       |     6 |       |     4 ||    10
Invok: Heroism           |       |       |     1 |       ||     1
Evoke: Wand              |       |       |     2 |     8 ||    10
  Use: Scroll            |       |     4 |     2 |     8 ||    14
       Potion            |       |     2 |       |     4 ||     6
Armor: Scale mail        |     5 |       |       |       ||     5
       Plate armour      |    39 |    88 |   174 |    52 ||   353
       Skin              |       |       |       |    14 ||    14
Dodge: Dodged            |    25 |    24 |    81 |    32 ||   162
Block: Buckler           |    24 |    25 |   104 |    35 ||   188
